Map: Alcyone LE

Players

Strudog - Winner!

  • Race: Terran Terran
  • Spawn Location: 7:00

Elimisu

  • Race: Zerg Zerg
  • League: Master
  • Spawn Location: 1:00

VOD

Have the link to the VOD?

Description

Time

  • Played on: Aug. 11, 2024, 1:59 p.m.
  • Length: 12:04
Show
View Real Time Build Order
Export as new Build Order

Strudog Terran - Winner!

Build Orders: Command Center First 

Get SALT Encoding   

  12  0:00  SCV  
  13  0:12  SCV  
  14  0:21  Supply Depot  
  14  0:24  SCV  
  15  0:52  Command Center  
  15  1:00  SCV  
  16  1:12  SCV  
  17  1:28  Command Center  
  17  1:34  SCV  
  18  2:00  Barracks  
  18  2:04  SCV  
  18  2:05  SCV  
  20  2:10  Barracks  
  20  2:15  Refinery  
  20  2:16  SCV  
  20  2:17  SCV  
  22  2:28  SCV  
  22  2:29  SCV  
  24  2:42  SCV x3  
  27  2:47  Marine  
  28  2:56  Barracks  
  29  3:00  Marine  
  29  3:01  SCV  
  32  3:06  Orbital Command  
  32  3:07  Orbital Command  
  32  3:09  Marine  
  31  3:17  SCV  
  31  3:18  Bunker  
  32  3:20  Marine  
  33  3:30  Factory  
  33  3:32  Marine  
  33  3:34  SCV  
  35  3:39  Orbital Command  
  35  3:42  SCV  
  36  3:48  Marine  
  36  3:53  Marine x2  
  36  3:54  SCV x2  
  41  4:00  Refinery  
  41  4:03  Supply Depot  
  41  4:06  SCV x2  
  41  4:07  SCV  
  45  4:16  Factory Tech Lab  
  46  4:18  Starport  
  46  4:19  SCV x3  
  46  4:20  Marine  
  49  4:24  Barracks Tech Lab  
  49  4:29  Refinery  
  49  4:30  Barracks Tech Lab  
  49  4:31  Refinery, SCV  
  49  4:33  SCV x2  
  49  4:38  Marine  
  51  4:40  Supply Depot  
  51  4:42  Supply Depot  
  51  4:43  SCV  
  53  4:46  Stimpack  
  53  4:47  Marine  
  54  4:54  SCV x2  
  54  4:55  SCV  
  54  4:56  Marine  
  54  4:59  Engineering Bay, Starport Reactor  
  58  5:00  Engineering Bay  
  58  5:06  SCV  
  60  5:07  Siege Tank, SCV, Orbital Command  
  60  5:09  Marine  
  60  5:10  Marine  
  66  5:24  Combat Shield  
  66  5:26  Barracks Reactor  
  65  5:29  SCV  
  65  5:30  SCV  
  65  5:33  SCV  
  68  5:36  Marine x2  
  68  5:42  SCV x2  
  72  5:45  Siege Tank, SCV  
  76  5:52  Supply Depot  
  76  5:54  SCV  
  76  5:56  Supply Depot  
  77  5:57  Terran Infantry Weapons Level 1, Barracks, Supply Depot  
  77  6:00  Barracks  
  77  6:01  Terran Infantry Armor Level 1  
  77  6:03  Barracks  
  77  6:04  Barracks  
  77  6:13  Marine, Medivac  
  77  6:14  SCV x3  
  77  6:15  Marine x2  
  77  6:18  Marine  
  86  6:22  Supply Depot x2  
  86  6:23  Medivac  
  86  6:24  Widow Mine, Supply Depot  
  90  6:26  SCV  
  90  6:27  Armory, Supply Depot, SCV x2  
  90  6:31  Marine, Supply Depot  
  94  6:33  Marine, Supply Depot x2  
  94  6:36  Concussive Shells  
  94  6:37  Marine  
  94  6:38  SCV  
  94  6:39  SCV  
  98  6:43  Refinery  
  98  6:46  Factory  
  97  6:55  Marine x2  
  97  6:56  Marine  
  97  6:57  Barracks Reactor  
  97  6:59  Barracks Reactor  
  97  7:00  Barracks Reactor  
  97  7:01  Marine, Barracks Reactor  
  94  7:13  Marine x3  
  96  7:19  Marine  
  96  7:24  Medivac x2  
  96  7:26  Widow Mine  
  96  7:29  Factory Reactor  
  102  7:30  Marine  
  102  7:31  Marine x2  
  102  7:36  Marine x2  
  102  7:37  Marine x7  
  106  7:43  SCV x3  
  106  7:44  Refinery  
  117  7:47  Widow Mine  
  117  7:48  Marine  
  117  7:49  Marine x2  
  122  7:54  Marine x3, Medivac x2  
  122  7:55  Marine x3, SCV  
  133  8:04  Marine  
  133  8:05  Marine x2  
  136  8:06  Marine x2  
  136  8:07  Marine  
  136  8:11  Widow Mine  
  136  8:12  Marine x3  
  128  8:20  Marine x3  
  128  8:22  Marine x3  
  128  8:25  Marine x3  
  128  8:26  SCV x3  
  133  8:28  Terran Infantry Weapons Level 2, Terran Infantry Armor Level 2  
  133  8:30  Marine x2  
  133  8:31  Medivac x2  
  133  8:32  Widow Mine  
  141  8:35  Widow Mine x2  
  141  8:39  Marine x4  
  141  8:40  Marine, SCV  
  151  8:47  Marine x4  
  155  8:50  Command Center  
  155  8:53  Widow Mine, Command Center  
  155  8:54  Command Center  
  157  8:57  Supply Depot  
  157  8:58  Supply Depot  
  157  9:09  Widow Mine x2  
  157  9:13  Marine x4  
  157  9:14  Marine x3  
  157  9:19  Marine x2, Widow Mine  
  157  9:21  Marine x3  
  146  9:24  Supply Depot  
  146  9:25  Supply Depot  
  146  9:31  Marine x6  
  131  9:32  Marine  
  131  9:37  Marine x2  
  124  9:38  Marine  
  124  9:39  Marine x2  
  123  9:49  Marine x7, Widow Mine x3  
  136  9:54  Marine x2  
  136  9:56  Marine  
  136  9:57  Marine x2  
  141  10:07  Marine  
  141  10:11  Widow Mine x2  
  146  10:19  Marine x4  
  146  10:20  Marine x7  
  151  10:24  Marine  
  152  10:37  Marine x6, Widow Mine x2  
  152  10:38  Marine x5, Medivac, Widow Mine  
  152  10:42  Marine  
  151  10:55  Marine x7  
  151  10:56  Marine x4  
  157  11:00  Marine  
  157  11:02  Medivac  
  157  11:07  Medivac  
  159  11:13  Marine x4  
  163  11:20  Marine  
  163  11:21  Marine x2  
  163  11:23  Marine  
  163  11:24  Marine x4  
  157  11:32  Medivac  
  154  11:37  Marine x4  
  154  11:38  Marine  
  154  11:39  Widow Mine x2  
Show
View Real Time Build Order
Export as new Build Order

Elimisu Zerg 

Build Orders: Pool First 

Get SALT Encoding   

  12  0:00  Drone  
  13  0:12  Overlord  
  13  0:16  Drone  
  14  0:30  Drone x2  
  14  0:34  Drone  
  17  0:45  Extractor, Drone  
  17  0:50  Spawning Pool  
  17  0:55  Drone  
  17  1:07  Drone  
  18  1:20  Hatchery  
  18  1:21  Drone  
  18  1:39  Zergling x4  
  20  1:40  Queen  
  22  1:49  Overlord  
  22  1:54  Metabolic Boost  
  22  2:11  Drone x2  
  24  2:20  Queen  
  26  2:37  Drone x2, Queen  
  26  2:41  Drone  
  31  2:50  Drone x3  
  34  2:52  Overlord  
  34  2:55  Zergling x4  
  36  3:10  Overlord  
  36  3:13  Drone x2  
  38  3:23  Hatchery  
  37  3:38  Drone x7  
  37  3:39  Drone  
  37  3:40  Drone x2  
  47  3:49  Spore Crawler  
  47  3:51  Spore Crawler  
  47  3:53  Drone x2  
  47  4:04  Drone x3  
  47  4:05  Drone  
  47  4:06  Drone  
  52  4:12  Overlord  
  52  4:17  Overlord  
  52  4:35  Queen  
  56  4:44  Lair  
  54  4:48  Hatchery  
  54  4:51  Drone x11  
  64  5:05  Spore Crawler  
  63  5:14  Baneling Nest  
  62  5:21  Drone x10  
  63  5:22  Drone x2  
  63  5:24  Extractor  
  63  5:25  Drone, Overlord x2  
  63  5:26  Extractor  
  73  5:31  Drone  
  74  5:47  Drone x4  
  78  5:54  Zergling x4  
  80  5:57  Baneling x3  
  80  5:59  Baneling  
  80  6:00  Zergling x2  
  80  6:01  Zergling x18  
  90  6:05  Drone, Evolution Chamber  
  90  6:07  Evolution Chamber  
  89  6:15  Centrifugal Hooks  
  89  6:16  Zergling x6  
  88  6:19  Zergling x8  
  92  6:26  Zergling x2  
  92  6:31  Drone x3  
  96  6:35  Spore Crawler  
  95  6:48  Zergling x2  
  95  6:49  Zerg Missile Weapons Level 1  
  95  6:50  Zerg Ground Armor Level 1  
  95  6:56  Hatchery  
  95  6:58  Hatchery  
  92  7:04  Zergling x4  
  92  7:05  Zergling x4  
  89  7:09  Zergling x2  
  89  7:10  Zergling x10  
  89  7:12  Overseer  
  89  7:15  Baneling  
  93  7:16  Baneling x6  
  93  7:18  Zergling x4  
  93  7:21  Extractor  
  94  7:23  Extractor  
  92  7:33  Baneling  
  92  7:34  Zergling x2, Baneling x3  
  93  7:41  Overlord x3  
  93  7:51  Overlord x4  
  93  8:01  Zergling x2  
  93  8:02  Zergling x26  
  97  8:14  Zergling x22  
  97  8:15  Zergling x8  
  97  8:16  Baneling  
  97  8:17  Baneling x3  
  108  8:26  Zergling x2  
  105  8:27  Zergling x8  
  109  8:35  Drone x3  
  109  8:36  Hydralisk Den, Drone x3, Extractor  
  109  8:37  Extractor  
  109  8:39  Hatchery  
  111  8:54  Zergling x4  
  111  8:55  Zergling x2  
  113  8:57  Baneling  
  113  8:58  Baneling x18  
  113  8:59  Baneling x7  
  113  9:00  Zergling x4  
  112  9:06  Zergling x4  
  112  9:07  Zergling x20  
  120  9:10  Zerg Ground Armor Level 2  
  120  9:14  Zergling x2  
  120  9:15  Zergling x16, Grooved Spines  
  100  9:27  Queen  
  100  9:28  Queen x4  
  94  9:39  Hydralisk  
  94  9:40  Hydralisk x6  
  94  9:42  Drone x2  
  94  9:43  Drone  
  94  9:44  Drone x2  
  113  9:57  Zerg Melee Weapons Level 1  
  113  10:01  Extractor  
  112  10:07  Pneumatized Carapace  
  111  10:20  Zergling x4  
  111  10:21  Zergling x38  
  112  10:24  Baneling x5  
  112  10:25  Baneling  
  122  10:32  Zergling x2  
  122  10:33  Zergling x10  
  122  10:34  Overseer x2  
  120  10:43  Zergling x2  
  120  10:44  Zergling x18  
  114  10:51  Zergling x2  
  110  11:02  Zergling x12  
  110  11:03  Zergling x6  
  117  11:09  Zergling x2  
  117  11:10  Zergling x10  
  123  11:21  Zergling x16  
  114  11:28  Zergling x8  
  114  11:32  Zergling x6  
  108  11:33  Baneling x5  
  108  11:34  Baneling  
  108  11:37  Zergling x2  
  108  11:38  Zergling x2  
  100  11:41  Zergling x4  
  100  11:45  Zergling x4  
Tags
 
Add a new tag
Caveats
  • Supply blocks, unpowered buildings, or Contaminate may cause inaccurate times.
  • Supply counts are checked every 10 seconds.